 Dungeon Crawl Stone Soup version 0.27.1 (webtiles) character file.

Game seed: 13159954802281484964

2321 VictoriousLee the Zephyrmancer (level 9, -4/57 HPs)
             Began as a Barachi Summoner on Aug 24, 2021.
             Shot with a sling bullet by Joseph (12 damage)
             ... on level 8 of the Dungeon.
             The game lasted 01:04:17 (10538 turns).

VictoriousLee the Zephyrmancer (Barachi Summoner)  Turns: 10538, Time: 01:04:17

Health: -4/57      AC:  9    Str: 13    XL:     9   Next: 42%
Magic:  3/16       EV: 11    Int: 16    God:
Gold:   251        SH:  5    Dex: 14    Spells: 5/18 levels left

rFire    x . .     SeeInvis .   s - +3 short sword
rCold    + . .     Faith    .   (no shield)
rNeg     . . .     Spirit   .   D - +1 ring mail of the Equinox {Will++ Str+4 Int-2}
rPois    .         Reflect  +   l - +2 helmet
rElec    .         Harm     .   (no cloak)
rCorr    .         Rampage  .   (no gloves)
Will     ++...                  (no boots)
Stlth    +.........             e - amulet of reflection
HPRegen  0.19/turn              G - ring of ice
MPRegen  0.15/turn              (no ring)

@: unable to hop, slow
A: amphibious, slowness 1, strong legs 1, +LOS
a: Hop


You were on level 8 of the Dungeon.
You visited 2 branches of the dungeon, and saw 9 of its levels.
You also visited: Ossuary.

You collected 251 gold pieces.

Inventory:

Hand Weapons
 k - a +0 dagger of venom
 m - a +0 rapier
 s - a +3 short sword (weapon)
 E - a +0 vorpal flail
 H - a +0 hand crossbow
 P - a +3 dagger
 Q - a +3 short sword
Missiles
 g - 164 arrows
 n - 146 stones
 o - 4 javelins
 t - 25 poisoned darts
 y - 55 bolts
 I - 8 curare-tipped darts (quivered)
Armour
 a - a +0 robe
 b - a +0 ring mail
 l - a +2 helmet (worn)
 D - the +1 ring mail of the Equinox (worn) {Will++ Str+4 Int-2}
   (You found it on level 4 of the Dungeon)

   Str:       It affects your strength (+4).
   Int:       It affects your intelligence (-2).
   Will:      It greatly increases your willpower.
 J - a +0 scale mail
 O - a +2 leather armour of fire resistance
Jewellery
 e - an amulet of reflection (around neck)
 G - a ring of ice (left hand)
 N - a ring of protection from fire
Wands
 L - a wand of iceblast (5)
 R - a wand of digging (3)
 S - a wand of flame (18)
Scrolls
 h - 2 scrolls of immolation
 j - a scroll of vulnerability {unknown}
 p - 2 scrolls of amnesia {unknown}
 u - 2 scrolls of teleportation {unknown}
 v - 4 scrolls of torment {unknown}
 w - a scroll of holy word {unknown}
 A - a scroll of enchant weapon {unknown}
 B - a scroll of acquirement {unknown}
 C - a scroll of blinking {unknown}
 F - 2 scrolls of enchant armour {unknown}
 M - a scroll of silence {unknown}
Potions
 c - 2 potions of mutation {unknown}
 d - 10 potions of curing
 f - a potion of berserk rage
 i - 3 potions of might
 q - 3 potions of haste
 r - a potion of brilliance
 x - a potion of flight {unknown}
 z - 2 potions of cancellation {unknown}
 K - a potion of resistance {unknown}


   Skills:
 - Level 2.1 Dodging
 - Level 1.7 Stealth
 - Level 5.0 Spellcasting
 - Level 8.0 Summonings
 - Level 5.6 Ice Magic
 * Level 9.6 Air Magic


You had 5 spell levels left.
You knew the following spells:

 Your Spells              Type           Power      Damage    Failure   Level
a - Call Imp              Summ           29%        N/A       1%          2
b - Summon Small Mammal   Summ           100%       N/A       1%          1
d - Call Canine Familiar  Summ           29%        N/A       3%          3
f - Frozen Ramparts       Ice            64%        1d8       10%         3
s - Summon Lightning Spi  Summ/Air       32%        N/A       9%          4

Your spell library contained the following spells:

 Spells                   Type           Power      Damage    Failure   Level
 Static Discharge         Conj/Air       19%        N/A       7%          2
 Ozocubu's Armour         Ice            32%        N/A       10%         3
 Summon Guardian Golem    Hex/Summ       16%        N/A       19%         3
 Summon Ice Beast         Ice/Summ       38%        N/A       21%         4
 Mephitic Cloud           Conj/Pois/Air  14%        N/A       26%         3
 Ignite Poison            Fire/Tmut/Pois 4%         N/A       69%         3
 Ice Form                 Ice/Tmut       19%        N/A       71%         4
 Metabolic Englaciation   Hex/Ice        9%         N/A       96%         5
 Dispel Undead            Necr           4%         3d7       97%         4
 Sticky Flame             Conj/Fire      4%         2d3       97%         4
 Bolt of Magma            Conj/Fire/Erth 2%         4d4       100%        5
 Simulacrum               Ice/Necr       9%         N/A       100%        6
 Ozocubu's Refrigeration  Ice            16%        4d8       100%        7


Dungeon Overview and Level Annotations

Branches:
Dungeon (8/15)             Temple (1/1) D:5         Ossuary (visited)
   Lair: D:8-11

Altars:
Cheibriados
Elyvilon
Fedhas
Gozag
Hepliaklqana
Kikubaaqudgha
Makhleb
Nemelex Xobeh
Okawaru
Qazlal
Sif Muna
Trog
Uskayaw
Vehumet
Wu Jian
Xom
Zin
The Shining One

Shops:
D:3 *   D:6 *

Annotations:
D:2 Sigmund
D:5 1 runed translucent door, hawla's ghost, weakling DEDe
D:8 Joseph


Innate Abilities, Weirdness & Mutations

You are amphibious.
You cover ground slowly.
You can hop short distances.
You have an extended range of vision and can be seen from far away.


Message History

The wall freezes Joseph.
What are your orders? t - Croak!
Orders for allies: a - Attack new target. r - Retreat! s - Stop attacking. g - Guard the area. f - Follow me.
Anything else - Cancel.
Gang up on whom?
Press: ? - help, Dir - move target, f - Joseph
Aim: Joseph, wielding a +0 hunting sling, wearing a +3 ring mail of fire resistance and quivering sling bullets (heavily wounded, ally target) Attack!
Your lightning spire shoots out a bolt of lightning at Joseph!
The bolt of electricity hits Joseph.
The wall freezes Joseph.
Joseph shoots a sling bullet.
The sling bullet hits you!
Your lightning spire shoots out a bolt of lightning at Joseph!
The bolt of electricity hits Joseph!
The wall freezes Joseph.
Joseph shoots a sling bullet.
The sling bullet hits you!
* * * LOW HITPOINT WARNING * * *
Your frozen ramparts will break if you move.
Continue? [Y]es or [N]o only, please.
Your frozen ramparts will break if you move.
Continue?
Okay, then.
Unknown command.
Your frozen ramparts will break if you move.
Continue?
Hop to where?
Press: ? - help, Dir - move target, p - Joseph Your frozen ramparts will break if you move.
Continue?
The frozen ramparts melt away as you move.
Boing!
Your lightning spire disappears in a puff of smoke!
Joseph unwields a +0 hunting sling.
Joseph wields a +0 quarterstaff.
You block Joseph's attack.
Casting: Call Imp (safe; 1% risk of failure)
Confirm with . or Enter, or press ? or * to list all spells.
An electric hum fills the air.
Joseph hits you with a +0 quarterstaff.
* * * LOW HITPOINT WARNING * * *
Your crimson imp blinks!
Joseph unwields a +0 quarterstaff.
Joseph wields a +0 hunting sling.
Joseph shoots a sling bullet.
The sling bullet hits you!
You die...

#.#..###††##....####.
#.#...##.............
#.##..###.##.#.###### #.##..#
#.##.#.# ####
#.##..###>##.#'###...
#...............##.##
#####.######.....#.## ##. ##8.#
##........##
#....##########.@.####.........##
..............@...)÷)'.........'.
#....##########...####._.......##
##. ##5.# ##.......... ##.#
##.....#### #)# ##...## ####.#
##+## #....# #.# #.#### #.####


You could see Joseph (ally target), a friendly lightning spire (summoned) and a
friendly crimson imp (summoned).

Vanquished Creatures
  2 yaks (D:8)
  A wyvern (D:7)
  An ice beast (D:6)
  An ogre (D:7)
  A centaur (D:6)
  A bullfrog (D:6)
  A water moccasin zombie (D:6)
  2 water moccasin skeletons
  A vampire bat (D:6)
  4 hounds
  2 centaur zombies
  An orc priest (D:8)
  2 jellies
  A bullfrog skeleton (D:7)
  3 centaur skeletons
  2 orc wizards
  6 mummies (Ossuary)
  4 adders
  A white imp (D:6)
  2 ufetubi
  A dart slug (D:4)
  3 orcs (D:5)
  A bat zombie (D:6)
  5 endoplasms
  5 giant cockroaches
  3 goblins
  7 hobgoblins
  2 quokkas
  5 ball pythons
  6 bats
  2 frilled lizards
  3 gnoll skeletons (Ossuary)
  3 goblin skeletons (Ossuary)
  7 kobolds
  6 rats
  6 rat skeletons (Ossuary)
104 creatures vanquished.

Vanquished Creatures (collateral kills)
  4 yaks (D:8)
  3 ogres
  2 centaurs
  A phantom (D:6)
  2 scorpions (D:5)
  A wyvern skeleton (D:6)
  An iguana (D:5)
  An orc wizard (D:5)
  8 mummies (Ossuary)
  3 adders
  A white imp (D:6)
  A worm (D:4)
  3 dart slugs
  6 orcs
  2 ball pythons (D:1)
  4 bat zombies (D:6)
  5 endoplasms
  3 giant cockroaches
  3 goblins
  4 hobgoblins
  2 quokkas (D:1)
  2 bats (D:1)
  A frilled lizard (D:2)
  A goblin skeleton (Ossuary)
  2 kobolds
  An orc skeleton (Ossuary)
  A rat (D:1)
  5 rat skeletons (Ossuary)
73 creatures vanquished.

Grand Total: 177 creatures vanquished

Notes
Turn   | Place    | Note
-------+----------+-------------------------------------------
     0 | D:1      | VictoriousLee the Barachi Summoner began the quest for the
                  | Orb.
     0 | D:1      | Reached XP level 1. HP: 13/13 MP: 3/3
   414 | D:1      | Reached XP level 2. HP: 2/19 MP: 3/5
   775 | D:1      | Reached skill level 5 in Summonings
  1039 | D:1      | You fall into a shaft and drop 1 floor!
  1131 | D:2      | Reached XP level 3. HP: 10/24 MP: 4/7
  1138 | D:2      | Learned a level 2 spell: Call Imp
  1142 | D:2      | Learned a level 3 spell: Call Canine Familiar
  1827 | D:1      | Found a faded altar of an unknown god.
  3273 | D:2      | Noticed Sigmund
  3389 | D:3      | Reached XP level 4. HP: 30/30 MP: 3/8
  3591 | D:3      | Found Gutiryene's Assorted Antiques.
  3783 | D:3      | Found a radiant altar of Vehumet.
  3783 | D:3      | Found a snail-covered altar of Cheibriados.
  4085 | D:4      | Found a sand-covered staircase.
  4150 | Ossuary  | Entered an ossuary
  4275 | Ossuary  | Reached XP level 5. HP: 35/35 MP: 9/9
  4930 | D:4      | Learned a level 4 spell: Summon Lightning Spire
  5276 | D:4      | Found a hazy altar of Hepliaklqana.
  5284 | D:4      | Identified the +1 ring mail of the Equinox {Will++ Str+4
                  | Int-2}
  5317 | D:4      | Reached XP level 6. HP: 41/41 MP: 10/10
  5382 | D:4      | Reached skill level 1 in Air Magic
  5705 | D:5      | Entered Level 5 of the Dungeon
  5716 | D:5      | Reached skill level 1 in Ice Magic
  5729 | D:5      | Found a staircase to the Ecumenical Temple.
  5739 | Temple   | Entered the Ecumenical Temple
  5909 | D:5      | Found a runed translucent door.
  5910 | D:5      | Noticed a yak
  5910 | D:5      | Noticed hawla's ghost (weakling DEDe)
  6469 | D:4      | Reached XP level 7. HP: 23/46 MP: 4/11
  7102 | D:5      | Reached skill level 5 in Ice Magic
  7496 | D:5      | Learned a level 3 spell: Frozen Ramparts
  7996 | D:6      | Reached skill level 5 in Spellcasting
  8303 | D:6      | Found a bloodstained altar of Trog.
  8422 | D:6      | Reached skill level 2 in Air Magic
  8422 | D:6      | Reached XP level 8. HP: 31/52 MP: 7/15
  8785 | D:6      | Reached skill level 3 in Air Magic
  9165 | D:6      | Reached skill level 4 in Air Magic
  9229 | D:6      | Reached skill level 5 in Air Magic
  9284 | D:6      | Found a shimmering blue altar of Sif Muna.
  9286 | D:6      | Found Desuh's Assorted Antiques.
  9374 | D:6      | Reached skill level 6 in Air Magic
  9492 | D:6      | Found an ancient bone altar of Kikubaaqudgha.
  9632 | D:7      | Noticed a wyvern
  9657 | D:7      | Killed a wyvern
  9658 | D:7      | Reached skill level 7 in Air Magic
  9854 | D:7      | Reached XP level 9. HP: 54/57 MP: 9/16
  9947 | D:7      | Found an ornate altar of the Wu Jian Council.
  9954 | D:7      | Noticed a spectral centipede
 10153 | D:8      | Found an iron altar of Okawaru.
 10158 | D:8      | Reached skill level 8 in Air Magic
 10334 | D:8      | Reached skill level 9 in Air Magic
 10511 | D:8      | Noticed Joseph
 10538 | D:8      | Shot with a sling bullet by Joseph

Illustrated notes

Levels and vault maps discovered:
D:1:      dpeg_arrival_refuge, layout_basic, dilly_ecumenical_altar_fadedgnrine,
          minmay_misc_feat_four_crosses
D:2:      minmay_diamond_boxcup, layout_loops_corners, serial_co_window_serial,
          co_window_paths_a, co_window_of_opportunity_a, co_window_paths_a,
          co_window_of_opportunity_a, co_window_paths_a, co_window_paths_a,
          co_window_unsneaky_path_a, co_window_paths_c,
          co_window_of_opportunity_b, co_window_of_opportunity_b,
          co_window_of_opportunity_b, co_window_unsneaky_path_e,
          co_window_of_opportunity_c, co_window_4corner_a, co_window_sun,
          glass_columns_b, glass_columns_c, glass_columns_c, uniq_sigmund
D:3:      layout_rooms, gammafunk_temple_overflow_pools, serial_shops, shop
D:4:      layout_basic, lemuel_crystal_altar, nicolae_ossuary_entry_monument
D:5:      layout_basic, minmay_temple_entry_statues_pillars,
          ebering_ghost_inner_flame, amcnicky_mini_pool_medium
D:6:      layout_loops_corners, kennysheep_vampire_church, serial_shops, shop,
          hangedman_feature_mirror
D:7:      layout_rooms, pdpol_wu_jian_five_deadly_venoms
D:8:      layout_loops_corners, marbit_many_paths, overflow_temple_1_default,
          hellmonk_guarded_unrand_staff_of_battle, uniq_joseph
Temple:   minmay_temple_bridge_abc

Skill      XL: |  1  2  3  4  5  6  7  8  9 |
---------------+----------------------------+-----
Spellcasting   | 3 5 |  5.0
Summonings     | 5 6 7 8 |  8.0
Air Magic      | 1 2 7 9 |  9.6
Ice Magic      | 4 5 |  5.6
Dodging        | |  2.1
Stealth        | |  1.7

Action                   |  1- 3 |  4- 6 |  7- 9 || total
-------------------------+-------+-------+-------++-------
Melee: Unarmed           |    14 |       |       ||    14
       Club              |    47 |       |       ||    47
       Dagger            |    62 |    17 |       ||    79
       Short sword       |       |   205 |   175 ||   380
 Cast: Summon Small Mamm |    24 |       |       ||    24
       Call Imp          |    15 |    11 |     5 ||    31
       Call Canine Famil |       |    15 |    24 ||    39
       Frozen Ramparts   |       |       |    18 ||    18
       Summon Lightning  |       |       |     5 ||     5
 Abil: Hop               |       |       |     5 ||     5
  Use: Scroll            |       |     5 |       ||     5
       Potion            |       |       |     1 ||     1
 Stab: Sleeping          |     9 |     8 |       ||    17
       Distracted        |       |     5 |     2 ||     7
Armor: Robe              |    38 |    20 |       ||    58
       Ring mail         |       |    37 |   124 ||   161
Dodge: Dodged            |    87 |    99 |   142 ||   328
Block: Other             |       |    31 |    58 ||    89
       Reflection        |       |     2 |     4 ||     6
